 Dungeon Crawl Stone Soup version 0.30-a0-722-g3e6e8c874d (webtiles) character file.

Game seed: 67295384805527462

623 mistaj the Shield-Bearer (level 7, -3/56 HPs)
             Began as a Formicid Fighter on Jan 28, 2023.
             Slain by an orc warrior
             ... wielding a +0 dire flail
              (15 damage)
             ... on level 5 of the Dungeon.
             The game lasted 00:04:41 (3154 turns).

mistaj the Shield-Bearer (Formicid Fighter)         Turns: 3154, Time: 00:04:41

Health: -3/56      AC: 14    Str: 22    XL:     7   Next: 75%
Magic:  7/7        EV:  7    Int:  8    God:
Gold:   204        SH:  5    Dex: 13    Spells: 6/6 levels left

rFire   . . .      SeeInvis +    a - +0 war axe (heavy)
rCold   . . .      Faith    .    c - +0 buckler
rNeg    . . .      Spirit   .    h - +0 chain mail
rPois   .          Reflect  .    (helmet unavailable)
rElec   .          Harm     .    o - +1 cloak
rCorr   .          Rampage  .    t - +0 pair of gloves
Will    .....                    p - +0 pair of boots Stlth
                                 l - amulet of magic regeneration
HPRegen 0.29/turn                (no ring)
MPRegen 0.50/turn                (no ring)

@: no status effects
A: permanent stasis, dig shafts and tunnels, antennae 3, four strong arms
a: Dig, Shaft Self


You were on level 5 of the Dungeon.
You visited 1 branch of the dungeon, and saw 5 of its levels.

You collected 204 gold pieces.

Inventory:

Hand Weapons
 a - a +0 heavy war axe (weapon)
Armour
 c - a +0 buckler (worn)
 h - a +0 chain mail (worn)
 o - a +1 cloak (worn)
 p - a +0 pair of boots (worn)
 t - a +0 pair of gloves (worn)
Jewellery
 l - an amulet of magic regeneration (around neck)
 q - a +6 ring of dexterity
Wands
 k - a wand of roots (13)
 n - a wand of light (9)
Scrolls
 f - a scroll of fog
 i - 2 scrolls of identify
 j - a scroll of magic mapping
Potions
 b - 2 potions of cancellation
 d - a potion of might
 e - 3 potions of heal wounds
 g - a potion of attraction {unknown}
 m - a potion of brilliance {unknown}
 r - 5 potions of curing {unknown}
 s - a potion of haste {unknown}


   Skills:
 + Level 5.3 Fighting
 + Level 4.2 Axes
 + Level 5.4 Armour
 + Level 6.5 Shields


You had 6 spell levels left.
You didn't know any spells.
Your spell library contained the following spells:

 Spells                   Type           Power      Damage    Failure   Level
 Freeze                   Ice            0%         1d3       99%         1
 Frozen Ramparts          Ice            0%         1d1       100%        3
 Hailstorm                Conj/Ice       0%         3d3       100%        3


Dungeon Overview and Level Annotations

Branches:
Dungeon (5/15)
 Temple: D:4-7

Altars:


Innate Abilities, Weirdness & Mutations

You cannot be hasted, slowed, berserked, paralysed or teleported.
You can dig through walls and to a lower floor.
You have a pair of large antennae on your head. (SInv)
Your four strong arms can wield two-handed weapons with a shield.


Message History

You block the orc warrior's attack. The orc hits you but does no damage.
You closely miss the orc warrior.
The orc shouts!
An orc comes into view. It is wielding a +0 falchion.
You block the orc's attack.
The orc warrior hits you but does no damage.
You block the orc's attack.
The orc warrior hits you with a +0 dire flail!
You slash the orc warrior!
The orc warrior is severely wounded.
The orc hits you from afar with a +0 trident.
You block the orc warrior's attack. x2
The orc hits you from afar with a +0 trident.
You are too injured to fight recklessly!
You are too injured to fight recklessly!
You are too injured to fight recklessly!
You are too injured to fight recklessly!
You are too injured to fight recklessly!
You are too injured to fight recklessly!
You closely miss the orc warrior.
The orc warrior is severely wounded.
The orc hits you from afar with a +0 trident.
The orc warrior barely misses you. The orc warrior closely misses you.
The orc hits you but does no damage.
You slash the orc warrior!
The orc warrior is almost dead.
The orc hits you but does no damage. The orc warrior barely misses you.
The orc barely misses you.
The orc warrior hits you but does no damage.
You barely miss the orc warrior.
The orc warrior is almost dead.
The orc closely misses you.
The orc warrior hits you with a +0 dire flail! x2
* * * LOW HITPOINT WARNING * * *
You block the orc's attack.
You hit the orc warrior but do no damage.
The orc warrior is almost dead.
You block the orc's attack.
The orc warrior hits you with a +0 dire flail!
You die...

..# #######
...#
#...#<#....#
#.#.#......# {
#..........#
#.###.######.#
#..............
#####...#####
#ooo@...+
#o###...# {
#...# #.### #..
#.. { #... )..


You could see an orc warrior and 3 orcs.

Vanquished Creatures
  2 black bears (D:4)
  3 scorpions (D:4)
  3 iguanas (D:4)
  An orc wizard (D:4)
  3 gnolls (D:4)
  6 adders
  2 dart slugs
  4 orcs
  4 bats
  3 endoplasms
  6 giant cockroaches
  5 goblins
  9 hobgoblins
  2 jackals (D:4)
  5 kobolds
  2 quokkas
  10 ball pythons
  6 frilled lizards
  3 rats
79 creatures vanquished.

Notes
Turn   | Place    | Note
-------+----------+-------------------------------------------
     0 | D:1      | mistaj the Formicid Fighter began the quest for the Orb.
     0 | D:1      | Reached XP level 1. HP: 18/18 MP: 1/1
    35 | D:1      | Reached XP level 2. HP: 21/24 MP: 2/2
   745 | D:1      | Found a faded altar of an unknown god.
   851 | D:2      | Reached XP level 3. HP: 25/29 MP: 3/3
  1499 | D:3      | Reached XP level 4. HP: 37/37 MP: 4/4
  2356 | D:4      | Noticed a scorpion
  2360 | D:4      | Killed a scorpion
  2361 | D:4      | Reached skill level 5 in Shields
  2361 | D:4      | Reached XP level 5. HP: 42/42 MP: 5/5
  2432 | D:4      | Reached XP level 6. HP: 46/49 MP: 6/6
  2831 | D:4      | Reached XP level 7. HP: 55/55 MP: 7/7
  2862 | D:4      | Reached skill level 5 in Fighting
  2862 | D:4      | Reached skill level 5 in Armour
  2862 | D:4      | Reached skill level 6 in Shields
  3138 | D:5      | Entered Level 5 of the Dungeon
  3154 | D:5      | Slain by an orc warrior

Illustrated notes

Levels and vault maps discovered:
D:1:      nicolae_arrival_somewhat_less_tricky_arrival, layout_loops_ring,
          dreamdust_ecumenical_altar_statues
D:2:      layout_basic
D:3:      layout_basic
D:4:      layout_loops_ring, minmay_quantized
D:5:      layout_basic, minmay_temple_entry_butterflies, uniq_grinder

Skill      XL: |  1  2  3  4  5  6  7 |
---------------+----------------------+-----
Armour         | 4 5 |  5.4
Fighting       | 4 5 |  5.3
Axes           | 3 4 |  4.2
Shields        | 5 6 |  6.5

Action                     |  1- 3 |  4- 6 |  7- 9 || total
---------------------------+-------+-------+-------++-------
  Melee: War axe           |    84 |    79 |    19 ||   182
    Use: Scroll            |     9 |     2 |       ||    11
 Armour: Scale mail        |    44 |       |       ||    44
         Chain mail        |       |    59 |    35 ||    94
  Dodge: Dodged            |    48 |    44 |    18 ||   110
  Block: Buckler           |    24 |    33 |    13 ||    70

Table legend: (Time is in decaauts)
 A = Elapsed time spent in this place.
 B = Non-inter-level travel time spent in this place.
 C = Inter-level travel time spent in this place.
 D = Time resting spent in this place.
 E = Time spent auto-exploring this place.
 F = Levels seen in this place.
 G = Mean time per level.
                   A        B        C        D        E       F      G
               +--------+--------+--------+--------+--------+-----+--------+
         Total |   3290 |   3186 |    104 |    397 |   2096 |   5 |  658.0 |
       Dungeon |   3290 |   3186 |    104 |    397 |   2096 |   5 |  658.0 |
               +--------+--------+--------+--------+--------+-----+--------+

Top non-repeatable levels by time:
     D:4: 1055 daAuts
     D:1: 862 daAuts
     D:3: 783 daAuts
     D:2: 566 daAuts
     D:5: 23 daAuts
